[ AOE2 MATCH · #478073993 ]
UnrankedSaracens vs Romans
[ REPLAY ANALYSIS · EXTRACTED FROM THE RECORDED GAME ]
Feudal
10:25
Castle
—
Imperial
—
| APM avg | 48.2 |
| APM peak | 76 |
| eAPM avg | 16.9 |
| Villagers / military | 42 / 10 |
Focus
⚔️ 9.5% · 🌾 90.5%
Scout Cavalry ×9 · Spearman ×1
Feudal
9:04
Castle
—
Imperial
—
| APM avg | 60.3 |
| APM peak | 88 |
| eAPM avg | 24.4 |
| Villagers / military | 52 / 34 |
Focus
⚔️ 39.1% · 🌾 60.9%
Archer ×34
Feudal
11:22
Castle
—
Imperial
—
| APM avg | 38.9 |
| APM peak | 78 |
| eAPM avg | 19.5 |
| Villagers / military | 34 / 12 |
Focus
⚔️ 39.6% · 🌾 60.4%
Serjeant ×6 · Skirmisher ×6
Feudal
8:50
Castle
19:52
Imperial
—
| APM avg | 71.9 |
| APM peak | 111 |
| eAPM avg | 34.6 |
| Villagers / military | 41 / 9 |
Focus
⚔️ 51.2% · 🌾 48.8%
Scout Cavalry ×6 · Spearman ×3
Feudal
8:33
Castle
—
Imperial
—
| APM avg | 68.3 |
| APM peak | 142 |
| eAPM avg | 26.7 |
| Villagers / military | 42 / 11 |
Focus
⚔️ 41.8% · 🌾 58.2%
Scout Cavalry ×11
Feudal
9:07
Castle
—
Imperial
—
| APM avg | 54.0 |
| APM peak | 84 |
| eAPM avg | 25.6 |
| Villagers / military | 54 / 33 |
Focus
⚔️ 38.0% · 🌾 62.0%
Archer ×33
Feudal
9:56
Castle
—
Imperial
—
| APM avg | 79.9 |
| APM peak | 135 |
| eAPM avg | 47.0 |
| Villagers / military | 46 / 10 |
Focus
⚔️ 77.6% · 🌾 22.4%
Militia ×7 · Spearman ×3
Feudal
8:55
Castle
—
Imperial
—
| APM avg | 54.6 |
| APM peak | 107 |
| eAPM avg | 21.4 |
| Villagers / military | 42 / 9 |
Focus
⚔️ 27.5% · 🌾 72.5%
Scout Cavalry ×8 · Spearman ×1
Match map
Initial resources + every placement click. Lines = walls · curves = elevation contours. ◆ gold · ⬟ stone · ● berries · ✦ relic · ◌ wall gap
Your base· Open — unwalled flank
RoR | Benanji's base· Open — 5t gap
115slayer's base· Open — unwalled flank
OS +| NeoZz's base· Open — unwalled flank
Oni.Kingstone's base· Open — unwalled flank
RoR | Thofou2005's base· Open — unwalled flank
AiM | Yellowdanger's base· ✓ Closed at 17:11 · 38t walls · no gate
RoR | Klobaska's base· Open — unwalled flank
Smoothed initial terrain · ◌ = detected wall gap · hover for details
Inputs per minute
— Elsìe - - RoR | Benanji
Build order — Elsìe
103 actions detected in the replay
| 0:02 | Create | Villager (Male) |
| 0:02 | Create | Villager (Male) |
| 0:03 | Build | House |
| 0:04 | Build | House |
| 0:29 | Create | Villager (Male) |
| 0:29 | Create | Villager (Male) |
| 0:29 | Create | Villager (Male) |
| 1:27 | Create | Villager (Male) |
| 1:27 | Create | Villager (Male) |
| 1:48 | Build | Lumber Camp |
| 2:02 | Create | Villager (Male) |
| 2:02 | Create | Villager (Male) |
| 2:16 | Create | Villager (Male) |
| 2:16 | Create | Villager (Male) |
| 2:47 | Create | Villager (Male) |
| 2:47 | Create | Villager (Male) |
| 3:08 | Build | House |
| 3:23 | Create | Villager (Male) |
| 3:23 | Create | Villager (Male) |
| 3:36 | Create | Villager (Male) |
| 4:00 | Build | Mill |
| 4:30 | Create | Villager (Male) |
| 4:30 | Create | Villager (Male) |
| 4:30 | Create | Villager (Male) |
| 5:16 | Create | Villager (Male) |
| 5:16 | Create | Villager (Male) |
| 5:44 | Create | Villager (Male) |
| 6:10 | Create | Villager (Male) |
| 6:13 | Build | House |
| 6:51 | Create | Villager (Male) |
| 6:52 | Create | Villager (Male) |
| 7:08 | Research | Loom |
| 7:47 | Research | Feudal Age |
| 8:12 | Build | Barracks |
| 8:27 | Build | House |
| 8:47 | Create | Villager (Male) |
| 8:47 | Create | Villager (Male) |
| 9:22 | Build | Palisade Wall |
| 9:47 | Create | Villager (Male) |
| 9:53 | Build | Farm |
| 9:56 | Build | Farm |
| 9:58 | Build | Farm |
| 10:12 | Create | Villager (Male) |
| 10:25 | Age | Feudal Age |
| 10:27 | Build | Stable |
| 10:29 | Build | Palisade Wall |
| 10:36 | Research | Double-Bit Axe |
| 10:36 | Research | Double-Bit Axe |
| 10:37 | Research | Horse Collar |
| 10:37 | Research | Horse Collar |
| 10:40 | Create | Villager (Male) |
| 11:03 | Build | Farm |
| 11:05 | Build | Farm |
| 11:07 | Create | Villager (Male) |
| 11:13 | Build | House |
| 11:22 | Create | Scout Cavalry |
| 11:22 | Create | Scout Cavalry |
| 11:30 | Create | Spearman |
| 11:35 | Build | Farm |
| 11:42 | Create | Scout Cavalry |
| 11:46 | Build | Farm |
| 11:59 | Build | Palisade Wall |
| 12:09 | Create | Scout Cavalry |
| 12:13 | Build | Farm |
| 12:17 | Create | Villager (Male) |
| 12:17 | Create | Villager (Male) |
| 12:21 | Build | House |
| 12:33 | Create | Villager (Male) |
| 12:35 | Build | Farm |
| 12:49 | Create | Villager (Male) |
| 13:18 | Build | Blacksmith |
| 13:20 | Create | Villager (Male) |
| 13:29 | Create | Scout Cavalry |
| 13:36 | Build | Farm |
| 13:40 | Create | Villager (Male) |
| 13:48 | Create | Scout Cavalry |
| 13:54 | Build | Palisade Wall |
| 14:01 | Build | Farm |
| 14:09 | Research | Forging |
| 14:09 | Research | Forging |
| 14:22 | Build | Farm |
| 14:37 | Create | Villager (Male) |
| 14:42 | Build | Farm |
| 14:45 | Create | Villager (Male) |
| 14:50 | Create | Scout Cavalry |
| 15:08 | Create | Scout Cavalry |
| 15:22 | Build | House |
| 15:25 | Create | Scout Cavalry |
| 15:29 | Build | Mining Camp |
| 15:45 | Build | Watch Tower |
| 16:41 | Create | Villager (Male) |
| 16:42 | Create | Villager (Male) |
| 17:02 | Build | Farm |
| 17:04 | Create | Villager (Male) |
| 17:16 | Build | Farm |
| 17:18 | Build | Farm |
| 17:45 | Build | House |
| 17:55 | Research | Wheelbarrow |
| 18:08 | Build | Farm |
| 18:11 | Build | House |
| 19:06 | Build | Farm |
| 19:30 | Research | Castle Age |
| 19:30 | Research | Castle Age |
Build order — RoR | Benanji
142 actions detected in the replay
| 0:02 | Build | House |
| 0:02 | Build | House |
| 0:03 | Create | Villager (Male) |
| 0:03 | Create | Villager (Male) |
| 0:19 | Create | Villager (Male) |
| 0:19 | Create | Villager (Male) |
| 1:26 | Create | Villager (Male) |
| 1:49 | Build | Lumber Camp |
| 1:56 | Create | Villager (Male) |
| 2:11 | Create | Villager (Male) |
| 2:11 | Create | Villager (Male) |
| 2:45 | Create | Villager (Male) |
| 2:46 | Create | Villager (Male) |
| 2:58 | Create | Villager (Male) |
| 2:59 | Create | Villager (Male) |
| 3:23 | Create | Villager (Male) |
| 3:23 | Create | Villager (Male) |
| 3:36 | Create | Villager (Male) |
| 3:39 | Build | House |
| 3:40 | Build | House |
| 3:41 | Build | Palisade Wall |
| 4:05 | Create | Villager (Male) |
| 4:05 | Create | Villager (Male) |
| 4:22 | Build | House |
| 4:40 | Create | Villager (Male) |
| 4:42 | Create | Villager (Male) |
| 4:43 | Create | Villager (Male) |
| 5:19 | Create | Villager (Male) |
| 5:36 | Create | Villager (Male) |
| 5:49 | Create | Villager (Male) |
| 5:59 | Research | Loom |
| 6:28 | Build | Mining Camp |
| 6:45 | Build | Lumber Camp |
| 6:54 | Research | Feudal Age |
| 6:54 | Research | Feudal Age |
| 7:23 | Create | Villager (Male) |
| 8:09 | Build | Barracks |
| 8:42 | Create | Villager (Male) |
| 9:04 | Age | Feudal Age |
| 9:07 | Build | Archery Range |
| 9:09 | Research | Double-Bit Axe |
| 9:33 | Build | Archery Range |
| 9:38 | Build | House |
| 9:40 | Create | Villager (Male) |
| 9:57 | Create | Villager (Male) |
| 9:59 | Create | Archer |
| 10:03 | Build | House |
| 10:14 | Create | Villager (Male) |
| 10:28 | Create | Archer |
| 10:29 | Create | Archer |
| 10:33 | Create | Villager (Male) |
| 10:41 | Build | House |
| 10:47 | Create | Archer |
| 10:47 | Create | Archer |
| 10:48 | Create | Villager (Male) |
| 10:57 | Create | Archer |
| 11:10 | Build | Blacksmith |
| 11:16 | Research | Double-Bit Axe |
| 11:37 | Build | Mill |
| 11:45 | Build | Outpost |
| 11:49 | Create | Archer |
| 11:49 | Create | Archer |
| 11:56 | Build | House |
| 12:07 | Build | Farm |
| 12:09 | Create | Archer |
| 12:10 | Build | Farm |
| 12:12 | Create | Archer |
| 12:27 | Create | Archer |
| 12:28 | Create | Villager (Male) |
| 12:29 | Build | Farm |
| 12:41 | Build | Palisade Wall |
| 12:42 | Build | Palisade Wall |
| 13:02 | Create | Villager (Male) |
| 13:06 | Build | Farm |
| 13:14 | Create | Archer |
| 13:14 | Create | Archer |
| 13:26 | Create | Archer |
| 13:28 | Create | Villager (Male) |
| 13:40 | Build | Farm |
| 13:45 | Create | Archer |
| 13:46 | Create | Villager (Male) |
| 13:46 | Create | Villager (Male) |
| 14:13 | Create | Villager (Male) |
| 14:16 | Build | House |
| 14:17 | Build | House |
| 14:36 | Research | Fletching |
| 14:38 | Create | Archer |
| 14:39 | Create | Archer |
| 14:44 | Build | Farm |
| 14:53 | Create | Archer |
| 15:06 | Create | Villager (Male) |
| 15:15 | Create | Archer |
| 15:15 | Create | Archer |
| 15:20 | Create | Villager (Male) |
| 15:27 | Create | Villager (Male) |
| 15:35 | Build | Farm |
| 15:38 | Build | House |
| 15:40 | Build | Palisade Wall |
| 15:42 | Create | Villager (Male) |
| 15:47 | Create | Archer |
| 16:00 | Build | House |
| 16:01 | Build | House |
| 16:02 | Build | Palisade Wall |
| 16:04 | Create | Villager (Male) |
| 16:16 | Create | Archer |
| 16:16 | Create | Archer |
| 16:17 | Create | Villager (Male) |
| 16:26 | Create | Archer |
| 16:37 | Create | Villager (Male) |
| 16:42 | Build | Farm |
| 16:43 | Build | Farm |
| 16:48 | Build | House |
| 16:50 | Create | Villager (Male) |
| 16:51 | Create | Villager (Male) |
| 17:07 | Create | Villager (Male) |
| 17:09 | Build | Farm |
| 17:15 | Build | Farm |
| 17:27 | Create | Villager (Male) |
| 17:36 | Create | Villager (Male) |
| 17:46 | Create | Archer |
| 17:46 | Create | Archer |
| 17:46 | Create | Archer |
| 17:47 | Create | Archer |
| 17:49 | Create | Villager (Male) |
| 17:55 | Build | Farm |
| 18:02 | Build | House |
| 18:03 | Build | House |
| 18:13 | Create | Villager (Male) |
| 18:16 | Create | Archer |
| 18:17 | Create | Archer |
| 18:20 | Build | Farm |
| 18:46 | Research | Man-at-Arms (upgrade) |
| 18:47 | Build | Farm |
| 19:08 | Create | Archer |
| 19:09 | Create | Archer |
| 19:10 | Create | Villager (Male) |
| 19:30 | Build | Farm |
| 19:31 | Build | Farm |
| 19:35 | Create | Villager (Male) |
| 19:36 | Create | Archer |
| 19:36 | Create | Archer |
| 20:05 | Research | Castle Age |
Build order — 115slayer
93 actions detected in the replay
| 0:00 | Create | Villager (Male) |
| 0:00 | Create | Villager (Male) |
| 0:01 | Create | Villager (Male) |
| 0:02 | Build | House |
| 0:02 | Build | House |
| 0:17 | Create | Villager (Male) |
| 1:26 | Create | Villager (Male) |
| 1:57 | Create | Villager (Male) |
| 2:13 | Build | Lumber Camp |
| 2:14 | Create | Villager (Male) |
| 2:52 | Create | Villager (Male) |
| 3:01 | Create | Villager (Male) |
| 3:01 | Create | Villager (Male) |
| 3:07 | Build | House |
| 3:08 | Build | House |
| 3:37 | Create | Villager (Male) |
| 4:21 | Build | House |
| 4:31 | Create | Villager (Male) |
| 4:44 | Create | Villager (Male) |
| 5:12 | Create | Villager (Male) |
| 5:12 | Create | Villager (Male) |
| 5:22 | Create | Villager (Male) |
| 6:03 | Build | Mill |
| 6:17 | Create | Villager (Male) |
| 7:07 | Create | Villager (Male) |
| 7:24 | Create | Villager (Male) |
| 7:34 | Build | Mining Camp |
| 7:52 | Create | Villager (Male) |
| 7:53 | Create | Villager (Male) |
| 7:59 | Research | Loom |
| 8:13 | Research | Feudal Age |
| 8:35 | Create | Villager (Male) |
| 8:45 | Build | Mining Camp |
| 9:38 | Build | House |
| 9:59 | Build | Farm |
| 10:02 | Build | Farm |
| 10:06 | Build | Farm |
| 10:08 | Build | Farm |
| 10:43 | Build | Farm |
| 10:46 | Create | Villager (Male) |
| 11:14 | Create | Villager (Male) |
| 11:22 | Age | Feudal Age |
| 11:42 | Build | Donjon |
| 12:27 | Build | Donjon |
| 12:37 | Create | Villager (Male) |
| 12:39 | Research | Double-Bit Axe |
| 12:45 | Create | Villager (Male) |
| 12:59 | Build | Palisade Gate |
| 13:05 | Build | Palisade Wall |
| 13:07 | Build | Palisade Wall |
| 13:21 | Create | Serjeant |
| 13:21 | Create | Serjeant |
| 13:30 | Create | Villager (Male) |
| 13:52 | Build | Palisade Wall |
| 13:55 | Build | Palisade Wall |
| 13:56 | Build | Palisade Wall |
| 14:06 | Create | Villager (Male) |
| 14:16 | Build | Archery Range |
| 14:31 | Build | Donjon |
| 14:34 | Create | Villager (Male) |
| 14:45 | Research | Horse Collar |
| 14:50 | Create | Serjeant |
| 14:50 | Create | Serjeant |
| 14:51 | Create | Serjeant |
| 15:11 | Build | House |
| 15:16 | Build | House |
| 15:22 | Build | Farm |
| 15:24 | Research | Wheelbarrow |
| 15:35 | Create | Skirmisher |
| 15:36 | Create | Skirmisher |
| 15:44 | Build | House |
| 15:46 | Build | House |
| 15:52 | Create | Villager (Male) |
| 15:53 | Build | Farm |
| 16:08 | Build | Blacksmith |
| 16:12 | Create | Serjeant |
| 17:08 | Create | Skirmisher |
| 17:08 | Create | Skirmisher |
| 17:33 | Create | Villager (Male) |
| 17:41 | Build | Market |
| 17:43 | Build | Palisade Gate |
| 17:52 | Build | Palisade Gate |
| 17:53 | Build | House |
| 18:00 | Build | Palisade Wall |
| 18:01 | Build | Palisade Gate |
| 18:05 | Create | Villager (Male) |
| 18:08 | Build | Farm |
| 18:17 | Create | Skirmisher |
| 18:19 | Create | Villager (Male) |
| 18:32 | Create | Skirmisher |
| 18:43 | Build | Farm |
| 18:45 | Build | Farm |
| 18:54 | Create | Villager (Male) |
Build order — OS +| NeoZz
136 actions detected in the replay
| 0:00 | Create | Villager (Male) |
| 0:01 | Create | Villager (Male) |
| 0:02 | Build | House |
| 0:03 | Build | House |
| 0:26 | Create | Villager (Male) |
| 0:26 | Create | Villager (Male) |
| 1:28 | Create | Villager (Male) |
| 1:52 | Create | Villager (Male) |
| 2:10 | Create | Villager (Male) |
| 2:47 | Create | Villager (Male) |
| 2:48 | Build | Lumber Camp |
| 3:10 | Create | Villager (Male) |
| 3:18 | Create | Villager (Male) |
| 3:18 | Create | Villager (Male) |
| 3:44 | Create | Villager (Male) |
| 3:44 | Create | Villager (Male) |
| 3:48 | Build | House |
| 4:09 | Create | Villager (Male) |
| 4:22 | Build | House |
| 4:26 | Create | Villager (Male) |
| 5:06 | Build | Mill |
| 5:27 | Create | Villager (Male) |
| 5:27 | Create | Villager (Male) |
| 6:37 | Research | Feudal Age |
| 6:37 | Research | Feudal Age |
| 6:40 | Build | Lumber Camp |
| 7:04 | Research | Loom |
| 7:04 | Create | Villager (Male) |
| 8:06 | Build | Barracks |
| 8:18 | Build | House |
| 8:50 | Age | Feudal Age |
| 8:59 | Build | Stable |
| 9:06 | Build | Palisade Wall |
| 9:09 | Create | Villager (Male) |
| 9:11 | Build | House |
| 9:23 | Research | Double-Bit Axe |
| 9:25 | Create | Villager (Male) |
| 9:42 | Create | Scout Cavalry |
| 9:42 | Create | Scout Cavalry |
| 9:45 | Research | Horse Collar |
| 10:04 | Build | Farm |
| 10:07 | Create | Villager (Male) |
| 10:13 | Build | House |
| 10:16 | Create | Villager (Male) |
| 10:33 | Create | Villager (Male) |
| 10:39 | Build | Farm |
| 10:44 | Build | Farm |
| 10:58 | Build | House |
| 11:07 | Build | Farm |
| 11:18 | Create | Scout Cavalry |
| 11:21 | Build | Farm |
| 11:31 | Build | House |
| 11:36 | Build | House |
| 11:36 | Build | House |
| 11:38 | Create | Villager (Male) |
| 11:40 | Build | Farm |
| 11:50 | Create | Villager (Male) |
| 11:55 | Create | Villager (Male) |
| 11:56 | Create | Villager (Male) |
| 11:57 | Build | Farm |
| 12:07 | Build | House |
| 12:09 | Create | Scout Cavalry |
| 12:09 | Create | Scout Cavalry |
| 12:16 | Build | Farm |
| 12:35 | Create | Villager (Male) |
| 12:35 | Create | Villager (Male) |
| 12:36 | Build | Farm |
| 12:43 | Build | Farm |
| 12:47 | Build | Palisade Gate |
| 12:57 | Create | Scout Cavalry |
| 13:06 | Build | Farm |
| 13:17 | Create | Villager (Male) |
| 13:17 | Create | Villager (Male) |
| 13:22 | Build | House |
| 13:25 | Create | Villager (Male) |
| 13:25 | Create | Villager (Male) |
| 13:28 | Build | Farm |
| 13:31 | Build | Farm |
| 13:37 | Create | Villager (Male) |
| 13:39 | Build | Farm |
| 13:55 | Build | Palisade Wall |
| 13:55 | Build | Palisade Wall |
| 13:56 | Build | Palisade Wall |
| 14:01 | Create | Villager (Male) |
| 14:04 | Create | Villager (Male) |
| 14:05 | Build | Mining Camp |
| 14:25 | Build | House |
| 14:46 | Build | Palisade Wall |
| 15:14 | Build | Palisade Wall |
| 15:17 | Build | Palisade Wall |
| 15:19 | Build | Palisade Wall |
| 15:25 | Build | Blacksmith |
| 15:27 | Build | Farm |
| 15:32 | Create | Villager (Male) |
| 15:35 | Create | Villager (Male) |
| 15:39 | Create | Villager (Male) |
| 15:55 | Create | Villager (Male) |
| 15:58 | Build | House |
| 16:07 | Build | Farm |
| 16:26 | Build | House |
| 16:43 | Build | Lumber Camp |
| 16:59 | Build | House |
| 17:09 | Research | Castle Age |
| 17:09 | Research | Castle Age |
| 17:20 | Create | Spearman |
| 17:42 | Build | Market |
| 17:45 | Build | Palisade Wall |
| 17:50 | Build | House |
| 17:54 | Create | Spearman |
| 18:07 | Research | Gold Mining |
| 18:08 | Research | Gold Mining |
| 18:31 | Research | Scale Mail Armor |
| 18:38 | Create | Villager (Male) |
| 19:03 | Build | Palisade Wall |
| 19:04 | Build | Palisade Wall |
| 19:17 | Build | Palisade Wall |
| 19:20 | Create | Spearman |
| 19:20 | Build | Palisade Wall |
| 19:21 | Build | Palisade Wall |
| 19:23 | Build | Palisade Wall |
| 19:24 | Build | Palisade Wall |
| 19:28 | Build | Palisade Wall |
| 19:31 | Build | Palisade Wall |
| 19:32 | Build | Palisade Wall |
| 19:40 | Build | Palisade Wall |
| 19:41 | Build | Palisade Wall |
| 19:41 | Build | Palisade Wall |
| 19:46 | Build | Palisade Wall |
| 19:48 | Build | Palisade Wall |
| 19:49 | Build | Palisade Wall |
| 19:49 | Build | Palisade Wall |
| 19:49 | Build | Palisade Wall |
| 19:52 | Age | Castle Age |
| 19:52 | Build | Palisade Wall |
| 19:55 | Build | Palisade Wall |
| 20:03 | Research | Bow Saw |
Build order — Oni.Kingstone
118 actions detected in the replay
| 0:01 | Create | Villager (Male) |
| 0:02 | Create | Villager (Male) |
| 0:02 | Create | Villager (Male) |
| 0:03 | Build | House |
| 0:04 | Build | House |
| 0:07 | Create | Villager (Male) |
| 1:27 | Create | Villager (Male) |
| 1:27 | Create | Villager (Male) |
| 1:51 | Create | Villager (Male) |
| 1:52 | Build | Lumber Camp |
| 2:25 | Create | Villager (Male) |
| 2:55 | Create | Villager (Male) |
| 3:08 | Create | Villager (Male) |
| 3:08 | Create | Villager (Male) |
| 3:39 | Create | Villager (Male) |
| 3:39 | Create | Villager (Male) |
| 3:52 | Build | House |
| 4:24 | Build | Mill |
| 4:33 | Create | Villager (Male) |
| 4:34 | Create | Villager (Male) |
| 5:10 | Create | Villager (Male) |
| 5:16 | Create | Villager (Male) |
| 5:47 | Create | Villager (Male) |
| 6:23 | Research | Feudal Age |
| 7:25 | Build | Barracks |
| 7:29 | Research | Loom |
| 7:30 | Create | Villager (Male) |
| 7:57 | Build | House |
| 8:08 | Create | Villager (Male) |
| 8:33 | Age | Feudal Age |
| 8:35 | Build | Stable |
| 8:47 | Research | Double-Bit Axe |
| 9:15 | Create | Scout Cavalry |
| 9:19 | Build | House |
| 9:21 | Create | Villager (Male) |
| 9:37 | Research | Horse Collar |
| 9:43 | Create | Scout Cavalry |
| 9:50 | Build | House |
| 10:09 | Create | Villager (Male) |
| 10:11 | Build | Farm |
| 10:13 | Build | Farm |
| 10:21 | Build | Palisade Wall |
| 10:22 | Build | Palisade Wall |
| 10:29 | Create | Scout Cavalry |
| 10:41 | Create | Villager (Male) |
| 10:45 | Build | House |
| 10:46 | Build | Palisade Wall |
| 10:47 | Build | Palisade Wall |
| 10:56 | Create | Villager (Male) |
| 11:15 | Create | Scout Cavalry |
| 11:25 | Build | Farm |
| 11:29 | Create | Villager (Male) |
| 11:36 | Create | Villager (Male) |
| 11:53 | Create | Villager (Male) |
| 12:02 | Create | Villager (Male) |
| 12:18 | Build | Farm |
| 12:19 | Build | Farm |
| 12:26 | Build | Farm |
| 12:26 | Build | Farm |
| 12:39 | Create | Scout Cavalry |
| 12:41 | Create | Villager (Male) |
| 12:45 | Build | Watch Tower |
| 12:47 | Build | Mining Camp |
| 12:48 | Create | Villager (Male) |
| 12:49 | Build | Farm |
| 13:03 | Build | House |
| 13:08 | Build | Farm |
| 13:12 | Create | Scout Cavalry |
| 13:12 | Create | Scout Cavalry |
| 13:40 | Create | Villager (Male) |
| 13:42 | Build | Blacksmith |
| 13:53 | Build | Palisade Wall |
| 13:53 | Build | Palisade Wall |
| 13:54 | Create | Villager (Male) |
| 13:56 | Build | Palisade Wall |
| 13:57 | Build | Palisade Wall |
| 14:02 | Build | Palisade Wall |
| 14:03 | Build | Palisade Wall |
| 14:09 | Build | Farm |
| 14:25 | Build | Palisade Wall |
| 14:31 | Build | Farm |
| 14:32 | Create | Villager (Male) |
| 14:34 | Research | Forging |
| 14:49 | Build | House |
| 14:50 | Build | Palisade Wall |
| 14:54 | Build | Palisade Wall |
| 14:56 | Build | Palisade Wall |
| 15:01 | Create | Scout Cavalry |
| 15:02 | Create | Villager (Male) |
| 15:06 | Create | Villager (Male) |
| 15:19 | Build | Palisade Wall |
| 15:23 | Build | Farm |
| 15:38 | Create | Villager (Male) |
| 15:51 | Build | Farm |
| 15:56 | Build | Farm |
| 16:09 | Research | Bloodlines |
| 16:11 | Build | Farm |
| 16:14 | Build | Farm |
| 16:18 | Create | Scout Cavalry |
| 16:21 | Build | Farm |
| 16:24 | Build | Farm |
| 16:29 | Create | Villager (Male) |
| 16:31 | Build | Farm |
| 16:41 | Create | Villager (Male) |
| 16:49 | Build | Farm |
| 16:51 | Create | Villager (Male) |
| 16:57 | Create | Scout Cavalry |
| 17:00 | Create | Villager (Male) |
| 17:16 | Build | Farm |
| 17:27 | Build | Farm |
| 17:31 | Build | Farm |
| 17:34 | Create | Villager (Male) |
| 17:56 | Build | Farm |
| 17:58 | Create | Villager (Male) |
| 18:00 | Research | Scale Barding Armor |
| 18:10 | Create | Scout Cavalry |
| 18:13 | Build | House |
| 18:41 | Build | Farm |
Build order — RoR | Thofou2005
146 actions detected in the replay
| 0:01 | Create | Villager (Male) |
| 0:01 | Create | Villager (Male) |
| 0:01 | Create | Villager (Male) |
| 0:02 | Build | House |
| 0:03 | Build | House |
| 0:13 | Create | Villager (Male) |
| 1:15 | Create | Villager (Male) |
| 2:04 | Create | Villager (Male) |
| 2:04 | Create | Villager (Male) |
| 2:19 | Create | Villager (Male) |
| 2:47 | Create | Villager (Male) |
| 2:56 | Create | Villager (Male) |
| 2:56 | Create | Villager (Male) |
| 3:16 | Create | Villager (Male) |
| 3:38 | Build | House |
| 4:16 | Create | Villager (Male) |
| 4:16 | Create | Villager (Male) |
| 4:26 | Build | Lumber Camp |
| 4:34 | Create | Villager (Male) |
| 4:35 | Create | Villager (Male) |
| 4:56 | Create | Villager (Male) |
| 4:56 | Research | Loom |
| 5:44 | Build | Mining Camp |
| 6:57 | Research | Feudal Age |
| 7:06 | Build | Lumber Camp |
| 7:21 | Create | Villager (Male) |
| 7:21 | Create | Villager (Male) |
| 7:28 | Build | House |
| 7:51 | Build | House |
| 7:53 | Build | Barracks |
| 9:04 | Create | Villager (Male) |
| 9:07 | Age | Feudal Age |
| 9:10 | Build | Archery Range |
| 9:15 | Build | Archery Range |
| 9:27 | Research | Double-Bit Axe |
| 9:27 | Research | Double-Bit Axe |
| 9:40 | Build | House |
| 9:56 | Build | Palisade Wall |
| 9:58 | Build | Palisade Wall |
| 10:00 | Create | Villager (Male) |
| 10:05 | Create | Archer |
| 10:13 | Build | Palisade Wall |
| 10:17 | Build | Palisade Wall |
| 10:20 | Create | Archer |
| 10:21 | Create | Archer |
| 10:38 | Build | Palisade Wall |
| 10:45 | Build | Blacksmith |
| 10:48 | Create | Villager (Male) |
| 10:48 | Create | Villager (Male) |
| 11:02 | Build | Palisade Wall |
| 11:04 | Build | Palisade Wall |
| 11:06 | Build | Palisade Wall |
| 11:10 | Create | Archer |
| 11:11 | Create | Villager (Male) |
| 11:12 | Create | Villager (Male) |
| 11:29 | Build | House |
| 11:33 | Build | Palisade Wall |
| 11:38 | Create | Archer |
| 11:47 | Create | Archer |
| 11:48 | Create | Villager (Male) |
| 11:57 | Build | Watch Tower |
| 12:07 | Create | Villager (Male) |
| 12:12 | Create | Archer |
| 12:13 | Create | Archer |
| 12:27 | Build | Mill |
| 12:35 | Create | Archer |
| 12:37 | Create | Villager (Male) |
| 12:37 | Create | Villager (Male) |
| 12:49 | Build | Palisade Wall |
| 12:52 | Create | Archer |
| 13:02 | Create | Villager (Male) |
| 13:02 | Create | Villager (Male) |
| 13:15 | Build | House |
| 13:23 | Build | Farm |
| 13:34 | Create | Villager (Male) |
| 13:34 | Create | Villager (Male) |
| 13:35 | Create | Archer |
| 13:35 | Create | Archer |
| 13:48 | Build | House |
| 13:50 | Create | Archer |
| 14:03 | Create | Villager (Male) |
| 14:11 | Create | Archer |
| 14:12 | Build | Farm |
| 14:22 | Build | Farm |
| 14:25 | Build | House |
| 14:27 | Create | Archer |
| 14:29 | Create | Villager (Male) |
| 14:29 | Create | Villager (Male) |
| 14:38 | Build | Farm |
| 14:46 | Build | House |
| 14:48 | Create | Villager (Male) |
| 14:49 | Create | Archer |
| 15:02 | Build | Farm |
| 15:16 | Create | Archer |
| 15:17 | Create | Villager (Male) |
| 15:17 | Create | Villager (Male) |
| 15:23 | Create | Villager (Male) |
| 15:23 | Create | Villager (Male) |
| 15:25 | Build | Farm |
| 15:27 | Build | House |
| 15:41 | Build | Palisade Gate |
| 15:45 | Create | Archer |
| 15:50 | Build | Farm |
| 15:56 | Create | Villager (Male) |
| 15:56 | Create | Villager (Male) |
| 15:56 | Create | Villager (Male) |
| 16:07 | Build | House |
| 16:11 | Create | Archer |
| 16:11 | Create | Archer |
| 16:22 | Create | Villager (Male) |
| 16:25 | Build | Farm |
| 16:30 | Research | Fletching |
| 16:30 | Research | Fletching |
| 16:32 | Create | Archer |
| 16:32 | Create | Archer |
| 16:41 | Create | Archer |
| 16:42 | Create | Villager (Male) |
| 16:55 | Create | Villager (Male) |
| 16:56 | Create | Villager (Male) |
| 17:11 | Create | Villager (Male) |
| 17:14 | Create | Archer |
| 17:15 | Create | Villager (Male) |
| 17:19 | Build | House |
| 17:19 | Create | Villager (Male) |
| 17:31 | Build | Farm |
| 17:32 | Build | Farm |
| 17:32 | Build | Farm |
| 17:39 | Create | Archer |
| 17:47 | Create | Archer |
| 17:54 | Create | Villager (Male) |
| 17:56 | Build | Farm |
| 18:00 | Build | House |
| 18:00 | Build | House |
| 18:02 | Build | Palisade Wall |
| 18:02 | Build | Palisade Wall |
| 18:31 | Create | Archer |
| 18:31 | Create | Archer |
| 18:37 | Create | Archer |
| 18:53 | Create | Archer |
| 19:10 | Create | Archer |
| 19:20 | Create | Villager (Male) |
| 19:24 | Build | Mining Camp |
| 19:47 | Create | Archer |
| 19:47 | Create | Archer |
| 19:49 | Create | Villager (Male) |
| 20:00 | Build | Lumber Camp |
Build order — AiM | Yellowdanger
111 actions detected in the replay
| 0:00 | Create | Villager (Male) |
| 0:00 | Create | Villager (Male) |
| 0:02 | Build | House |
| 0:03 | Build | House |
| 0:08 | Create | Villager (Male) |
| 0:08 | Create | Villager (Male) |
| 0:08 | Create | Villager (Male) |
| 1:25 | Create | Villager (Male) |
| 1:25 | Create | Villager (Male) |
| 1:54 | Build | Lumber Camp |
| 2:07 | Create | Villager (Male) |
| 2:07 | Create | Villager (Male) |
| 2:14 | Create | Villager (Male) |
| 2:14 | Create | Villager (Male) |
| 2:47 | Create | Villager (Male) |
| 3:00 | Create | Villager (Male) |
| 3:00 | Create | Villager (Male) |
| 3:33 | Create | Villager (Male) |
| 3:47 | Create | Villager (Male) |
| 3:51 | Build | House |
| 3:52 | Build | House |
| 4:31 | Build | Mill |
| 4:35 | Create | Villager (Male) |
| 4:35 | Create | Villager (Male) |
| 4:42 | Create | Villager (Male) |
| 4:42 | Create | Villager (Male) |
| 5:11 | Create | Villager (Male) |
| 5:11 | Create | Villager (Male) |
| 5:22 | Create | Villager (Male) |
| 5:22 | Create | Villager (Male) |
| 5:47 | Create | Villager (Male) |
| 5:47 | Create | Villager (Male) |
| 6:11 | Create | Villager (Male) |
| 6:11 | Create | Villager (Male) |
| 6:11 | Create | Villager (Male) |
| 6:24 | Build | Barracks |
| 7:04 | Research | Loom |
| 7:04 | Research | Loom |
| 7:17 | Build | Mining Camp |
| 7:42 | Create | Villager (Male) |
| 7:46 | Research | Feudal Age |
| 7:46 | Research | Feudal Age |
| 8:05 | Create | Militia |
| 8:05 | Create | Militia |
| 8:18 | Create | Militia |
| 8:18 | Create | Militia |
| 8:21 | Build | Palisade Wall |
| 8:22 | Build | House |
| 8:45 | Create | Militia |
| 8:45 | Create | Militia |
| 8:45 | Create | Militia |
| 8:52 | Build | Farm |
| 8:56 | Build | Farm |
| 9:13 | Build | House |
| 9:16 | Create | Villager (Male) |
| 9:27 | Build | Palisade Wall |
| 9:37 | Build | Farm |
| 9:56 | Age | Feudal Age |
| 10:00 | Research | Man-at-Arms (upgrade) |
| 10:00 | Research | Man-at-Arms (upgrade) |
| 10:08 | Create | Villager (Male) |
| 10:10 | Build | Farm |
| 10:36 | Create | Villager (Male) |
| 10:36 | Create | Villager (Male) |
| 10:38 | Build | Farm |
| 10:41 | Build | Palisade Wall |
| 11:02 | Build | Farm |
| 11:05 | Build | House |
| 11:11 | Create | Spearman |
| 11:13 | Build | Farm |
| 11:20 | Build | Palisade Wall |
| 11:24 | Build | Palisade Wall |
| 11:30 | Create | Spearman |
| 11:32 | Create | Villager (Male) |
| 11:44 | Create | Spearman |
| 11:48 | Build | Farm |
| 12:11 | Build | Watch Tower |
| 12:12 | Create | Villager (Male) |
| 12:12 | Create | Villager (Male) |
| 12:21 | Build | Farm |
| 12:42 | Create | Villager (Male) |
| 12:47 | Build | Farm |
| 12:47 | Create | Villager (Male) |
| 12:47 | Create | Villager (Male) |
| 12:56 | Research | Double-Bit Axe |
| 12:56 | Research | Double-Bit Axe |
| 13:01 | Build | Palisade Wall |
| 13:12 | Create | Villager (Male) |
| 13:31 | Create | Villager (Male) |
| 14:02 | Create | Villager (Male) |
| 14:05 | Research | Horse Collar |
| 14:05 | Research | Horse Collar |
| 14:05 | Research | Horse Collar |
| 14:12 | Build | Farm |
| 14:27 | Build | Farm |
| 14:34 | Research | Wheelbarrow |
| 14:34 | Research | Wheelbarrow |
| 15:25 | Build | Market |
| 15:41 | Create | Villager (Male) |
| 16:00 | Create | Villager (Male) |
| 16:09 | Build | Blacksmith |
| 16:40 | Create | Villager (Male) |
| 16:55 | Build | Palisade Wall |
| 17:01 | Build | Palisade Wall |
| 17:11 | Research | Castle Age |
| 17:11 | Research | Castle Age |
| 17:36 | Build | Palisade Gate |
| 17:48 | Build | Lumber Camp |
| 18:35 | Research | Gold Mining |
| 18:35 | Research | Gold Mining |
| 18:35 | Research | Gold Mining |
Build order — RoR | Klobaska
107 actions detected in the replay
| 0:00 | Research | Loom |
| 0:00 | Research | Loom |
| 0:42 | Create | Villager (Male) |
| 0:42 | Create | Villager (Male) |
| 1:11 | Create | Villager (Male) |
| 1:11 | Create | Villager (Male) |
| 1:36 | Create | Villager (Male) |
| 1:36 | Create | Villager (Male) |
| 1:54 | Build | Lumber Camp |
| 2:04 | Create | Villager (Male) |
| 2:04 | Create | Villager (Male) |
| 2:22 | Create | Villager (Male) |
| 2:22 | Create | Villager (Male) |
| 2:44 | Create | Villager (Male) |
| 3:02 | Create | Villager (Male) |
| 3:03 | Create | Villager (Male) |
| 3:30 | Build | House |
| 3:40 | Create | Villager (Male) |
| 3:41 | Create | Villager (Male) |
| 3:56 | Build | House |
| 4:09 | Create | Villager (Male) |
| 4:10 | Create | Villager (Male) |
| 4:13 | Create | Villager (Male) |
| 4:29 | Build | Mill |
| 5:11 | Create | Villager (Male) |
| 5:35 | Create | Villager (Male) |
| 5:58 | Create | Villager (Male) |
| 6:45 | Research | Feudal Age |
| 6:58 | Build | House |
| 7:20 | Build | Barracks |
| 7:50 | Build | Palisade Wall |
| 7:55 | Create | Villager (Male) |
| 8:55 | Age | Feudal Age |
| 8:57 | Build | Stable |
| 8:58 | Research | Double-Bit Axe |
| 9:02 | Research | Horse Collar |
| 9:09 | Create | Villager (Male) |
| 9:23 | Build | Farm |
| 9:37 | Create | Scout Cavalry |
| 9:37 | Create | Scout Cavalry |
| 9:38 | Create | Scout Cavalry |
| 9:38 | Create | Villager (Male) |
| 9:38 | Create | Villager (Male) |
| 9:43 | Build | House |
| 9:48 | Create | Villager (Male) |
| 9:52 | Build | Farm |
| 10:03 | Build | House |
| 10:16 | Build | Farm |
| 10:32 | Build | Farm |
| 10:39 | Build | House |
| 10:43 | Build | Farm |
| 10:54 | Create | Scout Cavalry |
| 10:55 | Create | Villager (Male) |
| 11:16 | Create | Villager (Male) |
| 11:27 | Build | Farm |
| 11:29 | Build | Farm |
| 11:29 | Build | Farm |
| 11:36 | Build | Farm |
| 11:47 | Create | Scout Cavalry |
| 12:07 | Build | Farm |
| 12:08 | Create | Villager (Male) |
| 12:19 | Create | Scout Cavalry |
| 12:22 | Build | Farm |
| 12:24 | Build | Farm |
| 12:26 | Build | Farm |
| 12:36 | Create | Villager (Male) |
| 12:41 | Build | Farm |
| 12:42 | Build | Farm |
| 12:48 | Create | Scout Cavalry |
| 12:58 | Create | Villager (Male) |
| 13:13 | Create | Scout Cavalry |
| 13:27 | Create | Villager (Male) |
| 13:38 | Create | Villager (Male) |
| 13:41 | Build | Farm |
| 13:42 | Build | Farm |
| 13:43 | Build | Farm |
| 13:47 | Build | House |
| 14:02 | Create | Villager (Male) |
| 14:04 | Build | House |
| 14:17 | Create | Spearman |
| 14:22 | Create | Villager (Male) |
| 14:27 | Build | Blacksmith |
| 15:10 | Create | Villager (Male) |
| 15:15 | Build | House |
| 15:18 | Create | Villager (Male) |
| 15:20 | Build | House |
| 15:31 | Create | Villager (Male) |
| 15:36 | Build | Mining Camp |
| 15:56 | Build | Mining Camp |
| 16:11 | Create | Villager (Male) |
| 16:17 | Build | House |
| 16:19 | Build | House |
| 16:28 | Create | Villager (Male) |
| 17:04 | Create | Villager (Male) |
| 17:20 | Research | Gold Mining |
| 17:24 | Build | Stable |
| 17:40 | Research | Castle Age |
| 17:44 | Research | Scale Barding Armor |
| 17:44 | Research | Scale Barding Armor |
| 17:57 | Build | Farm |
| 17:59 | Build | Farm |
| 18:15 | Create | Villager (Male) |
| 18:18 | Research | Wheelbarrow |
| 18:20 | Research | Bloodlines |
| 18:20 | Research | Bloodlines |
| 18:27 | Build | Palisade Wall |
| 18:49 | Build | Palisade Gate |
Match timeline
| 3:41 | RoR | Benanji · wall_segment Palisade Wall x1 |
| 6:24 | AiM | Yellowdanger · first_building Barracks |
| 7:20 | RoR | Klobaska · first_building Barracks |
| 7:25 | Oni.Kingstone · first_building Barracks |
| 7:50 | RoR | Klobaska · wall_segment Palisade Wall x1 |
| 7:53 | RoR | Thofou2005 · first_building Barracks |
| 8:06 | OS +| NeoZz · first_building Barracks |
| 8:09 | RoR | Benanji · first_building Barracks |
| 8:12 | Elsìe · first_building Barracks |
| 8:21 | AiM | Yellowdanger · wall_segment Palisade Wall x2 |
| 8:33 | Oni.Kingstone · age_up feudal |
| 8:35 | Oni.Kingstone · first_building Stable |
| 8:50 | OS +| NeoZz · age_up feudal |
| 8:55 | RoR | Klobaska · age_up feudal |
| 8:57 | RoR | Klobaska · first_building Stable |
| 8:59 | OS +| NeoZz · first_building Stable |
| 9:04 | RoR | Benanji · age_up feudal |
| 9:06 | OS +| NeoZz · wall_segment Palisade Wall x7 |
| 9:07 | RoR | Thofou2005 · age_up feudal |
| 9:07 | RoR | Benanji · first_building Archery Range |
| 9:10 | RoR | Thofou2005 · first_building Archery Range |
| 9:22 | Elsìe · wall_segment Palisade Wall x12 |
| 9:27 | AiM | Yellowdanger · wall_segment Palisade Wall x3 |
| 9:56 | RoR | Thofou2005 · wall_segment Palisade Wall x5 |
| 9:56 | AiM | Yellowdanger · age_up feudal |
| 9:58 | RoR | Thofou2005 · wall_segment Palisade Wall x15 |
| 10:13 | RoR | Thofou2005 · wall_segment Palisade Wall x4 |
| 10:17 | RoR | Thofou2005 · wall_segment Palisade Wall x4 |
| 10:21 | Oni.Kingstone · wall_segment Palisade Wall x3 |
| 10:22 | Oni.Kingstone · wall_segment Palisade Wall x11 |
| 10:25 | Elsìe · age_up feudal |
| 10:27 | Elsìe · first_building Stable |
| 10:29 | Elsìe · wall_segment Palisade Wall x1 |
| 10:38 | RoR | Thofou2005 · wall_segment Palisade Wall x10 |
| 10:41 | AiM | Yellowdanger · wall_segment Palisade Wall x12 |
| 10:46 | Oni.Kingstone · wall_segment Palisade Wall x6 |
| 10:47 | Oni.Kingstone · wall_segment Palisade Wall x1 |
| 11:02 | RoR | Thofou2005 · wall_segment Palisade Wall x1 |
| 11:04 | RoR | Thofou2005 · wall_segment Palisade Wall x1 |
| 11:06 | RoR | Thofou2005 · wall_segment Palisade Wall x1 |
| 11:20 | AiM | Yellowdanger · wall_segment Palisade Wall x9 |
| 11:22 | 115slayer · age_up feudal |
| 11:24 | AiM | Yellowdanger · wall_segment Palisade Wall x10 |
| 11:33 | RoR | Thofou2005 · wall_segment Palisade Wall x1 |
| 11:42 | 115slayer · first_building Donjon |
| 11:59 | Elsìe · wall_segment Palisade Wall x1 |
| 12:41 | RoR | Benanji · wall_segment Palisade Wall x1 |
| 12:42 | RoR | Benanji · wall_segment Palisade Wall x1 |
| 12:49 | RoR | Thofou2005 · wall_segment Palisade Wall x1 |
| 13:01 | AiM | Yellowdanger · wall_segment Palisade Wall x1 |
| 13:05 | 115slayer · wall_segment Palisade Wall x1 |
| 13:07 | 115slayer · wall_segment Palisade Wall x1 |
| 13:52 | 115slayer · wall_segment Palisade Wall x1 |
| 13:53 | Oni.Kingstone · wall_segment Palisade Wall x1 |
| 13:53 | Oni.Kingstone · wall_segment Palisade Wall x1 |
| 13:54 | Elsìe · wall_segment Palisade Wall x10 |
| 13:55 | OS +| NeoZz · wall_segment Palisade Wall x5 |
| 13:55 | 115slayer · wall_segment Palisade Wall x1 |
| 13:55 | OS +| NeoZz · wall_segment Palisade Wall x2 |
| 13:56 | 115slayer · wall_segment Palisade Wall x1 |
| 13:56 | Oni.Kingstone · wall_segment Palisade Wall x1 |
| 13:56 | OS +| NeoZz · wall_segment Palisade Wall x2 |
| 13:57 | Oni.Kingstone · wall_segment Palisade Wall x1 |
| 14:02 | Oni.Kingstone · wall_segment Palisade Wall x1 |
| 14:03 | Oni.Kingstone · wall_segment Palisade Wall x1 |
| 14:16 | 115slayer · first_building Archery Range |
| 14:25 | Oni.Kingstone · wall_segment Palisade Wall x4 |
| 14:46 | OS +| NeoZz · wall_segment Palisade Wall x2 |
| 14:50 | Oni.Kingstone · wall_segment Palisade Wall x1 |
| 14:54 | Oni.Kingstone · wall_segment Palisade Wall x1 |
| 14:56 | Oni.Kingstone · wall_segment Palisade Wall x1 |
| 15:14 | OS +| NeoZz · wall_segment Palisade Wall x2 |
| 15:17 | OS +| NeoZz · wall_segment Palisade Wall x1 |
| 15:19 | Oni.Kingstone · wall_segment Palisade Wall x1 |
| 15:19 | OS +| NeoZz · wall_segment Palisade Wall x2 |
| 15:40 | RoR | Benanji · wall_segment Palisade Wall x7 |
| 16:02 | RoR | Benanji · wall_segment Palisade Wall x10 |
| 16:31 | AiM | Yellowdanger · first_market_buy 100 food |
| 16:33 | AiM | Yellowdanger · first_market_sell 100 wood |
| 16:55 | AiM | Yellowdanger · wall_segment Palisade Wall x1 |
| 17:01 | AiM | Yellowdanger · wall_segment Palisade Wall x1 |
| 17:45 | OS +| NeoZz · wall_segment Palisade Wall x1 |
| 18:00 | 115slayer · wall_segment Palisade Wall x4 |
| 18:02 | RoR | Thofou2005 · wall_segment Palisade Wall x1 |
| 18:02 | RoR | Thofou2005 · wall_segment Palisade Wall x1 |
| 18:27 | RoR | Klobaska · wall_segment Palisade Wall x1 |
| 18:52 | Oni.Kingstone · resign |
| 19:03 | OS +| NeoZz · wall_segment Palisade Wall x1 |
| 19:04 | OS +| NeoZz · wall_segment Palisade Wall x1 |
| 19:17 | OS +| NeoZz · wall_segment Palisade Wall x1 |
| 19:20 | OS +| NeoZz · wall_segment Palisade Wall x1 |
| 19:21 | OS +| NeoZz · wall_segment Palisade Wall x1 |
| 19:23 | OS +| NeoZz · wall_segment Palisade Wall x1 |
| 19:24 | OS +| NeoZz · wall_segment Palisade Wall x1 |
| 19:28 | OS +| NeoZz · wall_segment Palisade Wall x1 |
| 19:31 | OS +| NeoZz · wall_segment Palisade Wall x4 |
| 19:32 | OS +| NeoZz · wall_segment Palisade Wall x1 |
| 19:40 | OS +| NeoZz · wall_segment Palisade Wall x1 |
| 19:41 | OS +| NeoZz · wall_segment Palisade Wall x1 |
| 19:41 | OS +| NeoZz · wall_segment Palisade Wall x1 |
| 19:46 | OS +| NeoZz · wall_segment Palisade Wall x2 |
| 19:48 | OS +| NeoZz · wall_segment Palisade Wall x1 |
| 19:49 | OS +| NeoZz · wall_segment Palisade Wall x1 |
| 19:49 | OS +| NeoZz · wall_segment Palisade Wall x1 |
| 19:49 | OS +| NeoZz · wall_segment Palisade Wall x1 |
| 19:52 | OS +| NeoZz · age_up castle |
| 19:52 | OS +| NeoZz · wall_segment Palisade Wall x2 |
| 19:55 | OS +| NeoZz · wall_segment Palisade Wall x2 |
[ AI ANALYSIS · 1 CREDIT ]
What really happened in this match?
Wolo.gg analyzes every decision: build order, eco, micro, common mistakes by bracket. Personalized analysis on WhatsApp or Discord in 30 seconds.
Civ guide
Saracens
Perfil
Jugador #451783